 Dungeon Crawl Stone Soup version 0.22-a0-322-g60b3cfd (webtiles) character file.

22 4thArraOfDagon the Vexing (level 2, -2/19 HPs)
             Began as a Mummy Enchanter on Apr 2, 2018.
             Slain by an adder (4 damage)
             ... on level 4 of the Dungeon.
             The game lasted 00:01:52 (760 turns).

4thArraOfDagon the Vexing (Mummy Enchanter)          Turns: 760, Time: 00:01:53

Health: -2/19      AC:  2    Str: 11    XL:     2   Next: 68%
Magic:  2/5        EV: 12    Int: 14    God:
Gold:   31         SH:  0    Dex: 12    Spells: 3/6 levels left

rFire    x . .     SeeInvis .   a - +1 dagger
rCold    + . .     Gourm    .   (no shield)
rNeg     + + +     Faith    .   b - +0 robe
rPois    ∞         Spirit   .   (no helmet)
rElec    .         Reflect  .   (no cloak)
rCorr    .         Harm     .   (no gloves)
MR       .....                  (no boots)
Stlth    ++........             (no amulet)
HPRegen  0.06/turn              (no ring)
MPRegen  0.09/turn              (no ring)

@: very slightly contaminated
A: no food or potions, fire vulnerability, cold resistance 1, negative energy
resistance 3, torment resistance, unbreathing
a: no special abilities


You were on level 4 of the Dungeon.
You were not hungry.

You visited 1 branch of the dungeon, and saw 5 of its levels.

You collected 31 gold pieces.

Inventory:

Hand Weapons
 a - a +1 dagger (weapon)
Armour
 b - a +0 robe (worn)
Scrolls
 c - a scroll of remove curse {unknown}
 d - 4 scrolls of identify {unknown}
 e - a scroll of noise {unknown}


   Skills:
 * Level 2.2 Short Blades
 - Level 1.5 Dodging
 - Level 2.4 Stealth
 - Level 2.6 Spellcasting
 - Level 2.6 Hexes


You had 3 spell levels left.
You knew the following spells:

 Your Spells              Type           Power        Failure   Level  Hunger
a - Corona                Hex            #......      8%          1    N/A
b - Ensorcelled Hibernat  Hex/Ice        #.....       19%         2    N/A

Dungeon Overview and Level Annotations

Branches:
Dungeon (5/15)
 Temple: D:4-7

Altars:
Makhleb

Annotations:
D:3 corax's ghost, amateur HaHu


Innate Abilities, Weirdness & Mutations

You do not eat or drink.
Your flesh is vulnerable to fire.
You are immune to poison.
Your flesh is cold resistant. (rC+)
You are immune to negative energy. (rN+++)
You are immune to unholy pain and torment.
You can survive without breathing.


Message History

Press: ? - help, Shift-Dir - straight line, f/p - adder
Aim: an adder (chance to defeat MR: 46%)
You miscast Ensorcelled Hibernation.
You are very lightly contaminated with residual magic.
Nothing appears to happen.
The adder closely misses you. The adder closely misses you.
The adder barely misses you. The adder bites you.
* * * LOW HITPOINT WARNING * * *
You see here 6 gold pieces.
The adder closely misses you.
There is a stone staircase leading down here.
The adder bites you.
* * * LOW HITPOINT WARNING * * *
The adder closely misses you.
Casting: Ensorcelled Hibernation (safe; 19% risk of failure)
Confirm with . or Enter, or press ? or * to list all spells.
Okay, then.
The adder bites you.
You die...

. #.....(..#.# #
###....(.... #
#..###.#. ##
#########
#......# .#
#...$...#
##.###.#
.###.#####.# #>#
.....# #.# #)#
.#####
#>######.###...
.#
#.....S@...w.(.l
.#
########.###.###
.# #.# .# #.# .#
... .# .#. .# .
.. ##


You could see a worm and an adder.

Vanquished Creatures
  An ooze (D:1)
  A dart slug (D:1)
  A leopard gecko (D:3)
  4 giant cockroaches
  2 goblins
  3 kobolds
  A bat (D:1)
13 creatures vanquished.

Notes
Turn   | Place    | Note
-------+----------+-------------------------------------------
     0 | D:1      | 4thArraOfDagon the Mummy Enchanter began the quest for the Orb.
     0 | D:1      | Reached XP level 1. HP: 13/13 MP: 4/4
    45 | D:1      | Reached skill level 1 in Short Blades
   128 | D:1      | Reached XP level 2. HP: 7/19 MP: 3/5
   150 | D:1      | Learned a level 2 spell: Ensorcelled Hibernation
   624 | D:3      | Noticed corax's ghost (amateur HaHu)
   697 | D:5      | Entered Level 5 of the Dungeon
   700 | D:5      | Found a burning altar of Makhleb.
   760 | D:4      | Slain by an adder

Vault maps used:
D:1:      minmay_arrival_checkered_box
D:2:      nemelex_spade_bored_becter
D:3:      elyvilon_altar_4
D:5:      fedhas_bush_and_centaur_altar, bloody_makhleb,
          cheibrodos_ashenzari_chains, kennysheep_mini_moat, first_ration,
          uniq_eustachio

Skill      XL: |  1  2 |
---------------+-------+-----
Short Blades   | 1 2 |  2.2
Dodging        | |  1.5
Stealth        | |  2.4
Spellcasting   | |  2.6
Hexes          | |  2.6

Action                   || total
-------------------------++-------
Melee: Dagger            ||    46
 Cast: Corona            ||     7
       Ensorcelled Hiber ||     9
 Stab: Sleeping          ||     4
Armor: Robe              ||    10
Dodge: Dodged            ||    40

Table legend:
 A = Spawn XP
 B = Non-spawn XP
 C = Spawn XP percentage of total XP
 D = Spawn monster count
 E = Non-spawn monster count
 F = Spawn count percentage of total count
 G = Total turns spent on level
                    A         B        C        D         E        F      G
               +---------+---------+-------+---------+---------+-------+---------
         Total |       0 |      32 |   0.0 |       0 |      13 |   0.0 |   760
               +---------+---------+-------+---------+---------+-------+---------
           D:1 |       0 |      21 |   0.0 |       0 |       8 |   0.0 |   479
           D:2 |       0 |       2 |   0.0 |       0 |       1 |   0.0 |    41
           D:3 |       0 |       9 |   0.0 |       0 |       4 |   0.0 |   123
               +---------+---------+-------+---------+---------+-------+---------
